 Dungeon Crawl Stone Soup version 0.31-a0-187-gba352fbbf7 (webtiles) character file.

Game seed: 11796813889177306785

494 qw the Skirmisher (level 6, -2/36 HPs)
             Began as a Deep Elf Hunter on June 22, 2023.
             Slain by an adder (4 damage)
             ... on level 4 of the Dungeon.
             The game lasted 00:01:09 (2915 turns).

qw the Skirmisher (Deep Elf Hunter)                 Turns: 2915, Time: 00:01:10

Health: -2/36      AC:  5    Str: 15    XL:     6   Next: 92%
Magic:  8/8        EV: 15    Int: 11    God:
Gold:   206        SH:  0    Dex: 22    Spells: 5/5 levels left

rFire   . . .        a - +2 shortbow of Discretion {freeze, Str+3}
rCold   . . .        (shield currently unavailable)
rNeg    . . .        m - +1 robe "Wabeck" {Str+2 Int-5 Dex+4}
rPois   .            g - +0 helmet
rElec   +            (no cloak)
rCorr   +            c - +0 pair of gloves
SInv    .            (no boots)
Will    .....        (no amulet)
Stlth   ++           i - ring of Rangaofess {rElec rCorr Int+2}
HPRegen 0.26/turn    (no ring)
MPRegen 0.11/turn

%: no passive effects
@: no status effects
A: no striking features
a: no special abilities


You were on level 4 of the Dungeon.
You visited 1 branch of the dungeon, and saw 5 of its levels.

You collected 206 gold pieces.


   Skills:
 - Level 2.4 Fighting
 + Level 9.5 Ranged Weapons
 - Level 4.7 Dodging
 - Level 1.2 Stealth


You had 5 spell levels left.
You didn't know any spells.
Your spell library was empty.

Inventory:

Hand Weapons
 a - the +2 shortbow of Discretion (weapon) {freeze, Str+3}
   (You acquired it on level 1 of the Dungeon)

   Str:       It affects your strength (+3).
Armour
 c - a +0 pair of gloves (worn)
 g - a +0 helmet (worn)
 m - the +1 robe "Wabeck" (worn) {Str+2 Int-5 Dex+4}
   (You found it on level 2 of the Dungeon)

   Str:       It affects your strength (+2).
   Int:       It affects your intelligence (-5).
   Dex:       It affects your dexterity (+4).
Jewellery
 i - the ring of Rangaofess (left hand) {rElec rCorr Int+2}
   (You acquired it on level 2 of the Dungeon)

   [ring of resist corrosion]

   Int:       It affects your intelligence (+2).
   rElec:     It insulates you from electricity.
   rCorr:     It protects you from acid and corrosion.
Scrolls
 j - a scroll of identify
Potions
 b - a potion of mutation
 d - a potion of degeneration {unknown}
 e - a potion of brilliance {unknown}
 f - a potion of haste
 h - 2 potions of curing

Dungeon Overview and Level Annotations

Branches:
Dungeon (5/15)
 Temple: D:4-7

Altars:
Trog
Yredelemnul


Message History

The iguana is heavily wounded.
You feel sick. The gnoll misses you. The gnoll hits you but does no damage.
The iguana closely misses you. The gnoll barely misses you.
The adder barely misses you.
You shoot an arrow.
The arrow hits the iguana but does no damage.
The iguana is heavily wounded.
You feel sick. The adder bites you but does no damage.
The gnoll hits you with a +0 whip. The gnoll hits you but does no damage.
The gnoll misses you. The iguana misses you.
You shoot an arrow.
The arrow hits the iguana but does no damage.
The iguana is heavily wounded.
You feel sick. The adder closely misses you. The gnoll misses you.
The gnoll barely misses you. The gnoll misses you.
The iguana completely misses you. The adder bites you but does no damage.
You shoot an arrow.
The arrow hits the iguana but does no damage.
The iguana is heavily wounded.
You feel sick.
You are no longer poisoned.
The gnoll barely misses you. x2
The iguana bites you but does no damage.
The gnoll closely misses you. The adder bites you.
You shoot an arrow. The arrow hits the iguana.
The iguana seems to slow down.
The arrow freezes the iguana.
The iguana is almost dead.
The adder misses you. The gnoll closely misses you. x2
The gnoll hits you but does no damage. The iguana barely misses you.
You shoot an arrow. The arrow hits the iguana.
The iguana seems to slow down.
The arrow freezes the iguana.
You kill the iguana!
The adder barely misses you. The gnoll hits you with a +0 whip. x2
The gnoll misses you.
You shoot an arrow. The arrow hits the gnoll!
The arrow freezes the gnoll.
You kill the gnoll!
The adder bites you but does no damage. The gnoll closely misses you. x2
You shoot an arrow. The arrow closely misses the gnoll.
The adder bites you.
You die...

#.......## ##.##.#
.%.......####...#.####
.........+...........#
.........####......#.#
#.......## #..###?#.#
##.....## #..# #.#.#
..###### #..###.#.#
~~~~~# #...)g.#.#
..##### #.##@###.#
.###..#######..gS....#
..##.............#####
#.#...############
#...#..# ...###.##
#.## ##.# #..###.##
#...#.##


You could see 2 gnolls and an adder.

Vanquished Creatures
  Edmund (D:4)
  A scorpion (D:4)
  A bullfrog zombie (D:4)
  2 iguanas (D:4)
  2 hound zombies (D:4)
  Robin (D:2)
  5 gnolls
  5 adders
  An adder zombie (D:4)
  A dart slug (D:2)
  3 orcs (D:4)
  3 ball pythons
  5 bats
  9 endoplasms
  4 giant cockroaches
  16 goblins
  18 hobgoblins
  A jackal (D:2)
  4 quokkas
  9 kobolds
  8 rats
100 creatures vanquished.

Notes
Turn   | Place    | Note
-------+----------+-------------------------------------------
     0 | D:1      | qw the Deep Elf Hunter began the quest for the Orb.
     0 | D:1      | Reached XP level 1. HP: 12/12 MP: 3/3
     0 | D:1      | 0 ||| qw: Version: 0.3-a-9-g12657ce
     0 | D:1      | 0 ||| qw: Game counter: 2377
     0 | D:1      | 0 ||| qw: Always use a shield: true
     0 | D:1      | 0 ||| qw: God list: Okawaru
     0 | D:1      | 0 ||| qw: Allow faded altars: false
     0 | D:1      | 0 ||| qw: Do Orc after D:15 true
     0 | D:1      | 0 ||| qw: Do second Lair branch before Depths: true
     0 | D:1      | 0 ||| qw: Lair rune preference: random
     0 | D:1      | 0 ||| qw: Plans: Normal
     0 | D:1      | 0 ||| PLANNING D:1-11
    40 | D:1      | Reached skill level 6 in Ranged Weapons
    40 | D:1      | Reached XP level 2. HP: 16/16 MP: 4/4
   142 | D:1      | 142 ||| FLEEEEING.
   582 | D:1      | 582 ||| UPGRADING to +0 ring mail.
   592 | D:1      | 592 ||| DROPPING +0 leather armour.
   593 | D:1      | 593 ||| READING scroll labelled URUROQIAPU.
   594 | D:1      | 594 ||| READING scroll labelled ZAABIGR VONU.
   626 | D:1      | 626 ||| READING scroll labelled MOULOC BUTAG.
   626 | D:1      | Identified a scroll of acquirement
   626 | D:1      | 626 ||| ACQUIRING +2 shortbow of Discretion {freeze, Str+3}
   626 | D:1      | Acquired the +2 shortbow of Discretion {freeze, Str+3}
   628 | D:1      | 628 ||| SWAPPING to +2 shortbow of Discretion {freeze,
                  | Str+3}.
   629 | D:1      | 629 ||| DROPPING +0 shortbow.
   630 | D:1      | 630 ||| DROPPING scroll of butterflies.
   646 | D:2      | Found a bloodstained altar of Trog.
   648 | D:2      | Reached XP level 3. HP: 20/20 MP: 5/5
   734 | D:2      | Noticed Robin
   738 | D:2      | Reached skill level 7 in Ranged Weapons
   744 | D:2      | Killed Robin
   800 | D:2      | 800 ||| READING scroll of acquirement.
   800 | D:2      | 800 ||| ACQUIRING ring of Rangaofess {rElec rCorr Int+2}
   800 | D:2      | Acquired the ring of Rangaofess {rElec rCorr Int+2}
   802 | D:2      | 802 ||| UPGRADING to ring of Rangaofess {rElec rCorr
                  | Int+2}.
   841 | D:2      | Reached XP level 4. HP: 25/25 MP: 6/6
  1025 | D:2      | Identified the +1 robe "Wabeck" {Str+2 Int-5 Dex+4}
  1342 | D:2      | Reached skill level 8 in Ranged Weapons
  1348 | D:2      | 1348 ||| UPGRADING to +0 pair of gloves.
  1353 | D:2      | 1353 ||| UPGRADING to +0 helmet.
  1358 | D:2      | 1358 ||| UPGRADING to +1 robe "Wabeck" {Str+2 Int-5 Dex+4}.
  1368 | D:2      | 1368 ||| DROPPING +0 ring mail.
  1369 | D:2      | 1369 ||| READING scroll labelled GUESHI QUBENU.
  1370 | D:2      | 1370 ||| READING scroll labelled FIMUGR VILLA.
  1371 | D:2      | 1371 ||| READING scroll labelled GOGATS ALELYCW.
  1372 | D:2      | 1372 ||| READING scroll labelled NEONWA WOUTT.
  1373 | D:2      | 1373 ||| READING scroll labelled TYTWYWKIUB.
  1374 | D:2      | 1374 ||| READING scroll labelled LUUFYX SANIUNI.
  1375 | D:2      | 1375 ||| READING 2 scrolls of identify.
  1375 | D:2      | 1375 ||| IDENTIFYING inky potion
  1376 | D:2      | 1376 ||| DROPPING potion of attraction.
  1458 | D:3      | 1458 ||| DRINKING 3 puce potions.
  1463 | D:3      | 1463 ||| FLEEEEING.
  1464 | D:3      | 1464 ||| FLEEEEING.
  1465 | D:3      | 1465 ||| FLEEEEING.
  1466 | D:3      | 1466 ||| STAIRDANCE
  1543 | D:3      | Reached skill level 3 in Dodging
  1548 | D:3      | 1548 ||| FLEEEEING.
  1549 | D:3      | 1549 ||| FLEEEEING.
  1550 | D:3      | 1550 ||| FLEEEEING.
  1551 | D:3      | 1551 ||| FLEEEEING.
  1552 | D:3      | 1552 ||| FLEEEEING.
  1553 | D:3      | 1553 ||| FLEEEEING.
  1554 | D:3      | 1554 ||| FLEEEEING.
  1555 | D:3      | 1555 ||| FLEEEEING.
  1556 | D:3      | 1556 ||| STAIRDANCE
  1574 | D:3      | 1574 ||| STAIRDANCE
  1577 | D:2      | Reached XP level 5. HP: 22/29 MP: 7/7
  1929 | D:3      | You fall into a shaft and drop 1 floor!
  2066 | D:4      | 2066 ||| READING scroll labelled FYNKAE ZARI.
  2067 | D:4      | 2067 ||| READING scroll labelled IWEDOZ LODO.
  2068 | D:4      | 2068 ||| READING scroll labelled LOINUT WAWI.
  2069 | D:4      | 2069 ||| DRINKING 2 fuming puce potions.
  2070 | D:4      | 2070 ||| DRINKING 2 emerald potions.
  2071 | D:4      | 2071 ||| READING 2 scrolls of identify.
  2071 | D:4      | 2071 ||| IDENTIFYING lumpy clear potion
  2072 | D:4      | 2072 ||| DROPPING potion of invisibility.
  2303 | D:4      | Found a basalt altar of Yredelemnul.
  2311 | D:4      | Reached skill level 9 in Ranged Weapons
  2394 | D:4      | Reached XP level 6. HP: 36/36 MP: 8/8
  2753 | D:4      | Noticed Edmund
  2761 | D:4      | Killed Edmund
  2900 | D:5      | Entered Level 5 of the Dungeon
  2904 | D:5      | 2904 ||| STAIRDANCE
  2909 | D:4      | HP: 7/36 [gnoll/+0 whip (4)]
  2913 | D:4      | HP: 3/36 [gnoll/+0 whip (2)]
  2913 | D:4      | HP: 1/36 [gnoll/+0 whip (2)]
  2915 | D:4      | Slain by an adder

Levels and vault maps discovered:
D:1:      heliophobic_arrival_dark_side_of_the_moon, layout_basic
D:2:      kb_forest_paths, layout_loops_ring, basic_altar, uniq_robin
D:3:      layout_rooms
D:4:      layout_loops_corners, nicolae_yredelemnul_corpse_copse,
          chequers_serial_rivers_micro_a, uniq_edmund
D:5:      layout_loops_corners, good_gods_temple_1, skrybe_limestone_x,
          kennysheep_nondescript, uniq_crazy_yiuf_cottage

Skill      XL: |  1  2  3  4  5  6 |
---------------+-------------------+-----
Ranged Weapons | 6 7 8 9 |  9.5
Dodging        | 3 4 |  4.7
Fighting       | 2 |  2.4
Stealth        | |  1.2

Action                     |  1- 3 |  4- 6 || total
---------------------------+-------+-------++-------
   Fire: Shortbow          |    85 |   144 ||   229
    Use: Scroll            |     4 |    11 ||    15
         Potion            |       |     3 ||     3
 Armour: Leather armour    |     4 |       ||     4
         Ring mail         |     5 |     8 ||    13
         Robe              |       |    11 ||    11
  Dodge: Dodged            |    23 |    56 ||    79

Table legend:
 A = Non-vault XP
 B = Vault XP
 C = Vault XP percentage of total XP
 D = Non-vault monster count
 E = Vault monster count
 F = Vault count percentage of total count
                 A         B        C        D         E       F
            +---------+---------+-------+---------+---------+-------
      Total |     413 |     294 |  41.6 |      76 |      24 |  24.0
            +---------+---------+-------+---------+---------+-------
        D:1 |      39 |       0 |   0.0 |      16 |       0 |   0.0
        D:2 |      80 |      47 |  37.0 |      24 |      19 |  44.2
        D:3 |      74 |       0 |   0.0 |      16 |       0 |   0.0
        D:4 |     220 |     247 |  52.9 |      20 |       5 |  20.0
            +---------+---------+-------+---------+---------+-------
